 Dungeon Crawl Stone Soup version 0.29.1-15-g9cfb28693d (webtiles) character file.

Game seed: 6718022335899136341

5500 H0rd4k the Martial Artist (level 10, 0/68 HPs)
             Began as an Octopode Artificer on Mar 24, 2023.
             Was an Initiate of Gozag.
             Killed from afar by an electric eel (10 damage)
             ... with a bolt of electricity
             ... on level 10 of the Dungeon.
             The game lasted 00:17:25 (9677 turns).

H0rd4k the Martial Artist (Octopode Artificer)      Turns: 9677, Time: 00:17:25

Health: 0/68       AC:  2    Str: 18    XL:     10   Next: 70%
Magic:  18/20      EV: 19    Int: 18    God:    Gozag
Gold:   863        SH:  0    Dex: 17    Spells: 20/23 levels left

rFire   + + .      SeeInvis .     - Unarmed
rCold   . . .      Faith    .   (shield currently unavailable)
rNeg    + . .      Spirit   .   (helmet currently unavailable)
rPois   x          Reflect  .   l - amulet of regeneration
rElec   .          Harm     .   p - ring of wizardry
rCorr   .          Rampage  .   z - ring of protection from cold
Will    .....                   c - ring of protection from fire
Stlth   +.........              G - +4 ring of slaying
HPRegen 1.01/turn               E - ring of positive energy
MPRegen 0.17/turn               J - +6 ring of strength
                                P - ring of fire
                                (no ring)

@: spider-form, gold aura, very slow
A: venomous fangs, almost no armour, (amphibious), 8 rings, tiny, (camouflage
1), (gelatinous body 1), (nimble swimmer 1), (tentacles)
a: End Transformation, Renounce Religion, Potion Petition, Call Merchant, Bribe
Branch


You were on level 10 of the Dungeon.
You worshipped Gozag.
Gozag was pleased with you.
You were a venomous arachnid creature.
You visited 2 branches of the dungeon, and saw 11 of its levels.
You also visited: Ossuary and Bailey.

You collected 1165 gold pieces.
You paid 302 gold pieces to Gozag.

Inventory:

Missiles
 j - 42 poisoned darts (quivered)
 x - 8 atropa-tipped darts
 D - a throwing net
Armour
 d - the +1 hat "Mabot" (melded) {Int+3}
   (You acquired it in a bailey)

   Int:       It affects your intelligence (+3).
Magical Staves
 y - a staff of conjuration
Jewellery
 c - a ring of protection from fire (on tentacle)
 l - an amulet of regeneration (around neck)
 p - a ring of wizardry (left front leg)
 z - a ring of protection from cold (right front leg)
 B - an amulet of faith
 E - a ring of positive energy (on tentacle)
 G - a +4 ring of slaying (on tentacle)
 J - a +6 ring of strength (on tentacle)
 P - a ring of fire (on tentacle)
Wands
 L - a wand of light (5)
 M - a wand of charming (3)
 O - a wand of flame (9)
Scrolls
 a - 3 scrolls of enchant armour
 f - 8 scrolls of teleportation
 i - 3 scrolls of immolation
 k - 3 scrolls of poison
 m - 2 scrolls of vulnerability
 n - 5 scrolls of blinking
 q - 2 scrolls of fear
 u - 2 scrolls of amnesia
 F - a scroll of silence
 I - a scroll of summoning
 K - a scroll of magic mapping
 N - a scroll of enchant weapon
Potions
 b - 2 potions of might
 g - 2 potions of degeneration
 h - 5 potions of heal wounds
 r - 2 potions of invisibility
 s - a potion of flight
 t - 3 potions of curing
 v - a potion of magic
 w - 3 potions of mutation
 C - a potion of cancellation
 H - 2 potions of brilliance
Miscellaneous
 A - a piece from Xom's chessboard (15/15)


   Skills:
 + Level 6.0 Fighting
 + Level 1.6 Throwing
 - Level 2.3 Dodging
 - Level 1.3 Stealth
 - Level 10.8 Unarmed Combat
 * Level 7.0 Spellcasting
 + Level 3.2 Transmutations
 + Level 4.2 Poison Magic
 - Level 3.2 Evocations


You had 20 spell levels left.
You knew the following spells:

 Your Spells              Type           Power      Damage    Failure   Level
a - Spider Form           Tmut/Pois      19%        N/A       8%          3

Your spell library contained the following spells:

 Spells                   Type           Power      Damage    Failure   Level
 Beastly Appendage        Tmut           36%        N/A       4%          1
 Wereblood                Tmut           18%        N/A       5%          2
 Poisonous Vapours        Pois/Air       28%        N/A       8%          2
 Shock                    Conj/Air       24%        1d4       11%         1
 Scorch                   Fire           18%        2d6       14%         2
 Sublimation of Blood     Necr           6%         N/A       14%         2
 Stone Arrow              Conj/Erth      12%        3d7       26%         3
 Swiftness                Air            6%         N/A       26%         3
 Petrify                  Tmut/Erth      12%        N/A       38%         4
 Airstrike                Air            3%         2d(1-17)  54%         4
 Flame Wave               Conj/Fire      9%         2d6       54%         4
 Passage of Golubria      Tloc           6%         N/A       54%         4
 Irradiate                Conj/Tmut      6%         3d13      65%         5
 Silence                  Hex/Air        3%         N/A       85%         5
 Summon Cactus Giant      Summ           3%         N/A       100%        6
 Lehudib's Crystal Spear  Conj/Erth      3%         10d2      100%        8
 Corpse Rot               Necr/Pois/Air  Unusable   N/A       N/A         4
 Animate Armour           Summ/Erth      Unusable   N/A       N/A         4

Dungeon Overview and Level Annotations

Branches:
Dungeon (10/15)            Temple (1/1) D:7         Ossuary (visited)
 Bailey (visited)
   Lair: D:8-11         Orc: D:9-12

Altars:
Ashenzari
Cheibriados
Dithmenos
Elyvilon
Fedhas
Gozag
Hepliaklqana
Kikubaaqudgha
Makhleb
Nemelex Xobeh
Okawaru
Qazlal
Ru
Sif Muna
Trog
Uskayaw
Vehumet
Xom
Yredelemnul
Zin
The Shining One

Shops:
D:5 =:!   D:9 *

Annotations:
D:3 2 transporters, bugwipe's ghost, amateur DENe
D:6 exclusion: downstairs
D:8 Gastronok
D:9 3 runed translucent doors, exclusion: 3 doors, burchardtist's ghost, novice MiBe


Innate Abilities, Weirdness & Mutations

You are a venomous arachnid creature.
You have poisonous fangs.
You are tiny and dextrous.
Your spellcasting is less reliable in this form.
Your armour is entirely melded.
You are incapable of wielding weapons or throwing items.
You cannot wear most types of armour.
((You are amphibious.))
You can wear up to eight rings at the same time.
((Your skin changes colour to match your surroundings (Stealth+).))
((Your rubbery body absorbs attacks. (AC +1, EV +1)))
((You are camouflaged when in or above water. (Stealth+)))
((You have tentacles for arms and can constrict up to eight enemies at once.))


Message History

You pick up a book of Vapours and begin reading...
You add the spell Poisonous Vapours to your library.
An electric eel comes into view.
An electric eel is nearby!
An electric eel comes into view.
The electric eel shoots out a bolt of lightning at you!
The bolt of electricity hits you!
Casting: Spider Form (dangerous; 2% risk of failure)
Confirm with . or Enter, or press ? or * to list all spells.
You turn into a venomous arachnid creature.
The +1 hat "Mabot" {Int+3} melds into your body.
The electric eel shoots out a bolt of lightning at you!
The bolt of electricity hits you!
The electric eel shoots out a bolt of lightning at you!
The bolt of electricity hits you!
You bite the electric eel!
The electric eel is heavily wounded.
The electric eel shoots out a bolt of lightning at you!
The bolt of electricity hits you! The bolt of electricity hits you.
The bolt of electricity hits the electric eel.
The electric eel completely resists.
You barely miss the electric eel.
The electric eel is heavily wounded.
You closely miss the electric eel.
The electric eel is heavily wounded.
The electric eel shoots out a bolt of lightning at you!
The bolt of electricity hits you!
* * * LOW HITPOINT WARNING * * *
You bite the electric eel!
You kill the electric eel!
You hear a splash.
The electric eel shoots out a bolt of lightning at you!
The bolt of electricity hits you!
* * * LOW HITPOINT WARNING * * *
You enter the shallow water.
Moving in this stuff is going to be slow.
The electric eel shoots out a bolt of lightning at you!
The bolt of electricity hits you!
You die...
Your body crumbles into a pile of gold.

##.# #... ##~.~#
##≈~.~# #≈≈~.≈#
#≈≈~.≈##≈# #≈S~.~#≈≈≈#
#####~s$.~≈≈≈≈≈#
#........~~~~~~#
#.####≈~~≈#..... #.#
##≈≈≈#.~~~## ##### #.#
#≈##.~≈≈≈###.... #.#
###.≈≈≈≈≈##'### #.#
#~.~≈≈≈≈~.....
#.########~.~≈≈≈≈~.....
#.##........~≈≈≈≈#.....


You could see an electric eel.

Vanquished Creatures
  A komodo dragon (D:10)
  A hornet (D:8)
  Sigmund (D:2)
  A wyvern (D:9)
  4 yaks (D:9)
  A wraith (Ossuary)
  3 orc warriors (Bailey)
  2 ice beasts
  A black bear (D:5)
  2 ogres
  3 centaurs
  A phantom (D:6)
  4 kobold brigands (Bailey)
  4 bullfrogs
  3 scorpions
  A necrophage (D:3)
  16 killer bees (D:9)
  An electric eel (D:10)
  7 howler monkeys
  A jelly (D:8)
  6 hounds
  4 orc priests
  3 iguanas
  Natasha (thrice) (D:2)
  4 orc wizards
  3 mummies (Ossuary)
  4 gnolls (D:6)
  6 adders
  A shadow imp (D:6)
  A white imp (D:6)
  2 ufetubi
  A worm (D:4)
  2 dart slugs (D:4)
  28 orcs
  5 bats
  8 endoplasms
  11 giant cockroaches
  8 goblins
  3 hobgoblins
  3 jackals (D:1)
  2 quokkas
  4 ball pythons
  A frilled lizard (D:1)
  3 goblin zombies (Ossuary)
  3 hobgoblin zombies (Ossuary)
  17 kobolds
  3 kobold zombies (Ossuary)
  2 rats
199 creatures vanquished.

Vanquished Creatures (collateral kills)
  A steam dragon (D:7)
  An ice beast (D:7)
  A kobold brigand (D:7)
  A killer bee (D:7)
  A howler monkey (D:7)
  A shadow imp (D:7)
  4 orcs
10 creatures vanquished.

Vanquished Creatures (others)
  A black bear (D:5)
  2 centaurs (D:7)
  A bullfrog (D:7)
  3 scorpions
  A howler monkey (D:7)
8 creatures vanquished.

Grand Total: 217 creatures vanquished

Notes
Turn   | Place    | Note
-------+----------+-------------------------------------------
     0 | D:1      | H0rd4k the Octopode Artificer began the quest for the Orb.
     0 | D:1      | Reached XP level 1. HP: 13/13 MP: 1/1
   487 | D:1      | Reached XP level 2. HP: 17/18 MP: 3/3
   520 | D:1      | Reached skill level 1 in Spellcasting
   974 | D:1      | Found a faded altar of an unknown god.
  1261 | D:2      | Noticed Sigmund
  1264 | D:2      | Reached XP level 3. HP: 24/24 MP: 3/5
  1264 | D:2      | Killed Sigmund
  1265 | D:2      | Reached skill level 2 in Unarmed Combat
  1265 | D:2      | Reached XP level 4. HP: 31/31 MP: 3/8
  1265 | D:2      | Reached XP level 5. HP: 36/36 MP: 3/9
  1343 | D:2      | Noticed Natasha
  1350 | D:2      | Killed Natasha
  1351 | D:2      | Reached XP level 6. HP: 31/42 MP: 10/10
  1438 | D:2      | Noticed Natasha
  1445 | D:2      | Killed Natasha
  1446 | D:2      | Reached skill level 3 in Unarmed Combat
  1819 | D:2      | Noticed Natasha
  1828 | D:2      | Killed Natasha
  2373 | D:2      | Learned a level 3 spell: Spider Form
  2429 | D:3      | Found a transporter.
  2429 | D:3      | Noticed bugwipe's ghost (amateur DENe)
  2431 | D:3      | Found a transporter.
  3360 | D:3      | Reached skill level 1 in Transmutations
  3360 | D:3      | Reached skill level 1 in Poison Magic
  3615 | D:4      | Reached XP level 7. HP: 43/47 MP: 12/12
  3773 | D:4      | Found a sparkling altar of Nemelex Xobeh.
  3773 | D:4      | Found a bloodstained altar of Trog.
  4434 | D:5      | Entered Level 5 of the Dungeon
  4476 | D:5      | Found a sand-covered staircase.
  4489 | Ossuary  | Entered an ossuary
  4489 | Ossuary  | Noticed a wraith
  4489 | Ossuary  | Noticed a wraith
  4489 | Ossuary  | Noticed a wraith
  4746 | Ossuary  | Noticed a wraith
  4820 | Ossuary  | Killed a wraith
  4821 | Ossuary  | Reached skill level 4 in Unarmed Combat
  4992 | D:5      | HP: 2/48 [hound (5)]
  5108 | D:5      | Found a sacrificial altar of Ru.
  5109 | D:5      | Found a blossoming altar of Fedhas.
  5142 | D:5      | Reached XP level 8. HP: 38/54 MP: 10/14
  5153 | D:5      | Reached skill level 5 in Unarmed Combat
  5305 | D:5      | Found Taes's Distillery.
  5341 | D:5      | Found Caolok's Book Boutique.
  5394 | D:5      | Found Ilidduly's Jewellery Shop.
  5744 | D:6      | Reached skill level 6 in Unarmed Combat
  5815 | D:6      | Identified the +0 ring mail of Instinct {rC++ Int+5 Dex-3}
  6035 | D:6      | Reached skill level 7 in Unarmed Combat
  6049 | D:6      | Reached skill level 5 in Fighting
  6049 | D:6      | Reached skill level 5 in Spellcasting
  6049 | D:6      | Reached XP level 9. HP: 53/61 MP: 16/16
  6286 | D:7      | Noticed a troll
  6325 | D:7      | Reached skill level 8 in Unarmed Combat
  6393 | D:7      | HP: 1/61 [troll (7)]
  6663 | D:7      | Found a staircase to the Ecumenical Temple.
  6675 | Temple   | Entered the Ecumenical Temple
  6758 | D:7      | Reached skill level 1 in Throwing
  7548 | D:8      | Found a radiant altar of Vehumet.
  7557 | D:8      | Found a flagged portal.
  7589 | Bailey   | Entered a bailey
  7623 | Bailey   | Reached skill level 9 in Unarmed Combat
  7769 | Bailey   | Identified a scroll of acquirement
  7769 | Bailey   | Acquired the +1 hat "Mabot" {Int+3}
  7779 | Bailey   | Found a burning altar of Makhleb.
  7871 | D:8      | Found an opulent altar of Gozag.
  7882 | D:8      | Became a worshipper of Gozag Ym Sagoz the Greedy
  8018 | D:8      | Reached XP level 10. HP: 61/68 MP: 11/18
  8073 | D:8      | Noticed Gastronok
  8215 | D:8      | Reached skill level 10 in Unarmed Combat
  8667 | D:9      | Found Uhit Tisiomm's Overcharged Wands.
  8694 | D:9      | Found a runed translucent gate.
  8694 | D:9      | Found a runed translucent gate.
  8694 | D:9      | Found a runed translucent gate.
  8696 | D:9      | Found an opulent altar of Gozag.
  8696 | D:9      | Noticed a cyclops
  8699 | D:9      | Noticed burchardtist's ghost (novice MiBe)
  8699 | D:9      | Noticed a manticore
  9539 | D:10     | Entered Level 10 of the Dungeon
  9677 | D:10     | Killed from afar by an electric eel

Illustrated notes

Levels and vault maps discovered:
D:1:      lemuel_arrival_behind_the_door_large, layout_rooms,
          basic_ecumenical_altar
D:2:      minmay_roachtagon, layout_basic, uniq_natasha, uniq_sigmund
D:3:      layout_basic, gammafunk_ghost_mausoleum, kennysheep_generic_room_10
D:4:      layout_rooms, jmf_multi_god_temple
D:5:      layout_rooms, chequers_temple_overflow_statue_of_worship,
          serial_shops, shop, nicolae_shop_hallway_plus, shop, enter_ossuary_5,
          minivault_1, grunt_ministairs_12, hellmonk_bongcloud_opening,
          minmay_fractal_squares_gapless_5
D:6:      layout_rooms, dk_noncrumbling_3, kennysheep_nub
D:7:      layout_basic, minmay_temple_entry_junction, minmay_fountain_box,
          amcnicky_mini_pool_small, minmay_alternating_orb
D:8:      layout_basic, mainiacjoe_overflow_alcove_1, grunt_gozag_breadcrumbs,
          enter_bailey_5, uniq_gastronok
D:9:      layout_basic, ebering_ghost_gozag, nicolae_shop_overcharged_wands
D:10:     layout_basic, lemuel_crystal_altar, erik_lair_island
Temple:   nicolae_temple_no_exploring_needed

Skill      XL: |  1  2  3  4  5  6  7  8  9 10 |
---------------+-------------------------------+-----
Spellcasting   | 1 2 3 4 5 7 |  7.0
Fighting       | 3 4 5 6 |  6.0
Unarmed Combat | 2 3 4 7 9 10 | 10.8
Transmutations | 1 2 3 |  3.2
Poison Magic   | 1 2 4 |  4.2
Throwing       | 1 |  1.6
Dodging        | |  2.3
Stealth        | |  1.3
Evocations     | |  3.2

Action                   |  1- 3 |  4- 6 |  7- 9 | 10-12 || total
-------------------------+-------+-------+-------+-------++-------
Melee: Unarmed           |    41 |   100 |   293 |    98 ||   532
       Tentacles         |    12 |    20 |    68 |     1 ||   101
       Constrict         |    11 |    24 |    66 |       ||   101
       Punch             |       |     4 |    10 |       ||    14
Throw: Dart              |       |       |     8 |       ||     8
 Cast: Spider Form       |       |       |     5 |    12 ||    17
Evoke: Wand              |     4 |     8 |    30 |       ||    42
       Piece from Xom's  |       |       |     4 |       ||     4
  Use: Potion            |       |       |     6 |       ||     6
       Scroll            |       |       |    10 |    10 ||    20
 Stab: Sleeping          |     4 |     5 |     9 |     1 ||    19
       Invisible         |       |       |     1 |       ||     1
       Distracted        |       |       |       |     1 ||     1
Armor: Skin              |     5 |    10 |    14 |     5 ||    34
Dodge: Dodged            |    25 |    66 |   250 |    46 ||   387
